AoeStats
← chen_yang90

Pilgrims

508474245Analyzed
2v2 RM · 9d ago on Sep 22, 2026· 28m 51s· 4 players
Game mode
Random Map
Map size
Medium (4 player)
Population
200
Speed
Normal
Resources
Standard
Victory
Conquest
Starting age
Dark Age
Ending age
Imperial Age
RankedLock teamsTeams togetherTeam positionsShared explorationLock speedFull tech treeHidden civsTurbo modeCheats
Victory
Defeat
🇩🇪 Portuguese · Germany
1197
+14
🇩🇪 Mongols · Germany
1177
+14
🇩🇪 Bulgarians · Germany
1154
-14
🇩🇪 Magyars · Germany
1154
-14
padde1000
3:23 Loom
10:03 Feudal Age
10:57 Double-Bit Axe
18:23 Castle Age
19:59 Wheelbarrow
21:20 Fletching
22:42 Bow Saw
23:55 Bodkin Arrow
25:01 Hand Cart
25:12 Town Watch
tlver
3:40 Loom
10:29 Feudal Age
11:40 Man-at-Arms
12:56 Fishing Lines
17:28 Fletching
20:28 Castle Age
19:44 Padded Archer Armor
22:48 Husbandry
22:59 Bloodlines
27:44 Imperial Age
25:39 Bloodlines
25:29 Husbandry
28:10 Bodkin Arrow
29:39 Leather Archer Armor
chen_yang90
3:47 Loom
11:40 Feudal Age
16:24 Castle Age
14:10 Horse Collar
15:16 Forging
15:12 Scale Barding Armor
15:27 Double-Bit Axe
16:25 Bloodlines
16:19 Scale Mail Armor
16:35 Gold Mining
18:19 Iron Casting
18:01 Gambesons
21:39 Pikeman
24:55 Wheelbarrow
26:53 Chain Mail Armor
28:10 Bow Saw
28:38 Hand Cart
Dr.KoMi
6:39 Loom
10:50 Feudal Age
12:28 Town Watch
15:59 Castle Age
14:47 Double-Bit Axe
17:29 Fletching
17:40 Stone Mining
Connection lost

Rejoining the realm…

Still unreachable

The connection could not be restored.

Session expired

The server has moved on; the page needs a fresh start.